 Dungeon Crawl Stone Soup version 0.29.1-13-g9f3cf754e1 (webtiles) character file.

Game seed: 6392803324693329605

357 Heoruswealwe the Grave Robber (level 6, -1/32 HPs)
             Began as a Deep Elf Necromancer on Feb 8, 2023.
             Was a Follower of Vehumet.
             Slain by a scorpion (2 damage)
             ... on level 4 of the Dungeon.
             The game lasted 00:57:34 (4167 turns).

Heoruswealwe the Grave Robber (DENe)                Turns: 4167, Time: 00:57:35

Health: -1/32      AC:  5    Str:  5    XL:     6   Next: 37%
Magic:  0/17       EV: 12    Int: 22    God:    Vehumet [*.....]
Gold:   175        SH:  0    Dex: 15    Spells: 13/18 levels left

rFire   . . .      SeeInvis .   e - +4 quarterstaff (chaos)
rCold   . . .      Faith    .   (shield currently unavailable)
rNeg    . . .      Spirit   .   a - +0 robe
rPois   .          Reflect  .   (no helmet)
rElec   .          Harm     .   i - +0 cloak
rCorr   .          Rampage  .   (no gloves)
Will    .....                   T - +1 pair of boots
Stlth   ++........              (no amulet)
HPRegen 0.10/turn               (no ring)
MPRegen 0.15/turn               (no ring)

@: brilliant, lethally poisoned (-1 -> -10)
A: no striking features
a: Renounce Religion


You were on level 4 of the Dungeon.
You worshipped Vehumet.
Vehumet was aware of your devotion.
You visited 1 branch of the dungeon, and saw 4 of its levels.

You collected 175 gold pieces.

Inventory:

Hand Weapons
 b - a +0 club
 c - a +0 shortbow
 e - a +4 quarterstaff of chaos (weapon)
 k - a +0 dagger
 o - a +0 whip
 r - a +0 short sword
 s - a +0 falchion
 u - a +2 dagger of venom
Missiles
 m - a boomerang
 y - 4 poisoned darts
Armour
 a - a +0 robe (worn)
 i - a +0 cloak (worn)
 l - a +0 leather armour
 q - a +0 chain mail
 t - a +0 leather armour
 x - a +0 robe
 T - a +1 pair of boots (worn)
Wands
 Z - a wand of flame (8)
Scrolls
 d - a scroll of torment
 f - a scroll of teleportation
 w - a scroll of enchant weapon
 A - a scroll of blinking
 I - a scroll of enchant armour
Potions
 g - a potion of attraction {unknown}
 h - a potion of heal wounds {unknown}
 j - a potion of brilliance
 n - a potion of might {unknown}
 p - a potion of resistance {unknown}
 v - a potion of lignification {unknown}
 G - 2 potions of curing {unknown}
 U - a potion of degeneration {unknown}
 V - a potion of ambrosia {unknown}


   Skills:
 + Level 2.5 Dodging
 + Level 2.4 Stealth
 + Level 6.7 Spellcasting
 + Level 7.3 Necromancy


You had 13 spell levels left.
You knew the following spells:

 Your Spells              Type           Power      Damage    Failure   Level
a - Necrotise             Necr           100%       1d9       1%          1
b - Vampiric Draining     Necr           56%        2d10      1%          3
c - Freeze                Ice            44%        1d6       9%          1

Your spell library contained the following spells:

 Spells                   Type           Power      Damage    Failure   Level
 Animate Dead             Necr           56%        N/A       4%          4
 Apportation              Tloc           22%        N/A       9%          1
 Summon Small Mammal      Summ           44%        N/A       9%          1
 Agony                    Necr           56%        N/A       12%         5
 Fulminant Prism          Conj/Hex       5%         3d7       63%         4
 Iskenderun's Mystic Bla  Conj/Tloc      11%        2d4       63%         4
 Lee's Rapid Deconstruct  Erth           5%         3d7*      93%         5


Dungeon Overview and Level Annotations

Branches:
Dungeon (4/15)
 Temple: D:4-7

Altars:
Dithmenos
Ru
Vehumet

Shops:
D:4 [


Message History

You draw life force from the scorpion!
You feel life coursing into your body.
The scorpion stings you but does no damage.
The scorpion barely misses you. The scorpion attacks as you move away!
The scorpion misses you. The scorpion attacks as you move away!
The scorpion stings you. The scorpion attacks as you move away!
The scorpion stings you. x2
The scorpion attacks as you move away!
The scorpion stings you but does no damage.
The scorpion attacks as you move away! The scorpion closely misses you.
The scorpion attacks as you move away! The scorpion barely misses you.
Found a stone staircase leading down.
The scorpion misses you. The scorpion attacks as you move away!
The scorpion stings you but does no damage.
The scorpion attacks as you move away! The scorpion closely misses you.
The scorpion attacks as you move away! The scorpion stings you.
* * * LOW HITPOINT WARNING * * *
The scorpion closely misses you. The scorpion stings you!
* * * LOW HITPOINT WARNING * * *
There is a stone staircase leading down, spattered with blood here.
Casting: Vampiric Draining (safe; 1% risk of failure)
Confirm with . or Enter, or press ? or * to list all spells.
Aiming: Vampiric Draining (safe; 1% risk of failure)
Press: ? - help, Shift-Dir - straight line, f/p - scorpion
Aim: a scorpion (heavily wounded)
You draw life force from the scorpion!
You feel life coursing into your body. The scorpion closely misses you.
Okay, then.
The scorpion attacks as you move away! The scorpion completely misses you.
The scorpion stings you.
* * * LOW HITPOINT WARNING * * *
You are lethally poisoned!
The scorpion poisons you!
It was a potion of brilliance.
You feel clever all of a sudden.
* * * LOW HITPOINT WARNING * * *
You feel very sick. The scorpion stings you.
You die...

######## #....... #.......
############# #....... . .#
#......>....# #....... .#..
#...........# #....... .#.# #
#.......s@..#######.....o. ...#.#
#...........#..........#.. .#.#.#
#...........#..........#≈≈ .....
#...........#......o...≈≈~ ...#
#...........#..........≈≈∩ ...#
#...........#..........≈≈~
#..#####.†.........#.....######≈≈
...............$...#..... .#
.#######.....<.....#..... .#


You could see a scorpion.

Vanquished Creatures
  A centaur (D:4)
  Crazy Yiuf (D:3)
  3 orc wizards
  6 adders
  4 gnolls (D:2)
  A worm (D:2)
  A dart slug (D:2)
  7 orcs (D:3)
  3 endoplasms
  2 giant cockroaches
  11 goblins
  4 hobgoblins
  3 quokkas
  7 ball pythons
  5 bats
  2 frilled lizards
  8 kobolds
  3 rats
72 creatures vanquished.

Vanquished Creatures (collateral kills)
  A worm (D:2)
  2 ball pythons (D:1)
3 creatures vanquished.

Vanquished Creatures (others)
  6 fungi (D:1)
  15 plants (D:1)
21 creatures vanquished.

Grand Total: 96 creatures vanquished

Notes
Turn   | Place    | Note
-------+----------+-------------------------------------------
     0 | D:1      | Heoruswealwe the Deep Elf Necromancer began the quest for
                  | the Orb.
     0 | D:1      | Reached XP level 1. HP: 10/10 MP: 6/6
   137 | D:1      | Reached skill level 5 in Necromancy
   523 | D:1      | Reached XP level 2. HP: 15/15 MP: 0/8
   961 | D:1      | Found a faded altar of an unknown god.
  1091 | D:1      | Prayed at the altar of an unknown god.
  1091 | D:1      | Became a worshipper of Ru the Awakened
  1093 | D:1      | Fell from the grace of Ru
  1559 | D:2      | Reached XP level 3. HP: 19/19 MP: 7/10
  1607 | D:1      | Learned a level 3 spell: Vampiric Draining
  1982 | D:2      | Reached skill level 6 in Necromancy
  2037 | D:2      | Reached XP level 4. HP: 24/24 MP: 3/12
  2363 | D:2      | Found a radiant altar of Vehumet.
  2385 | D:2      | Became a worshipper of Vehumet
  2717 | D:3      | Found a shadowy altar of Dithmenos.
  2761 | D:3      | Reached skill level 5 in Spellcasting
  2792 | D:3      | Reached XP level 5. HP: 28/28 MP: 7/14
  2843 | D:3      | Found a runed translucent door.
  2844 | D:3      | Noticed Crazy Yiuf
  2850 | D:3      | Killed Crazy Yiuf
  3771 | D:4      | Noticed a centaur
  3772 | D:4      | Found Wepnipha's Armour Shoppe.
  3778 | D:4      | Killed a centaur
  3779 | D:4      | Reached skill level 7 in Necromancy
  3779 | D:4      | Reached XP level 6. HP: 22/32 MP: 0/17
  4064 | D:4      | Reached * piety under Vehumet
  4064 | D:4      | Offered knowledge of Freeze by Vehumet.
  4081 | D:4      | Learned a level 1 spell: Freeze
  4167 | D:4      | HP: 1/32 [poisoned by a scorpion]
  4167 | D:4      | Slain by a scorpion

Illustrated notes

Levels and vault maps discovered:
D:1:      minmay_arrival_shattered_statue, layout_loops_corners,
          shapermc_ecumenical_altar_mp_ritualfount
D:2:      layout_basic, basic_altar
D:3:      layout_basic, grunt_dithmenos_smoke, uniq_crazy_yiuf_cottage
D:4:      layout_basic, kennysheep_mini, gammafunk_ghost_icy, serial_shops,
          nicolae_shop_waterfront

Skill      XL: |  1  2  3  4  5 |
---------------+----------------+-----
Necromancy     | 5 6 7 |  7.3
Spellcasting   | 4 5 6 |  6.7
Dodging        | |  2.5
Stealth        | |  2.4

Action                   |  1- 3 |  4- 6 || total
-------------------------+-------+-------++-------
Melee: Short sword       |    87 |       ||    87
       Punch             |     2 |       ||     2
 Cast: Necrotise         |    56 |    31 ||    87
       Vampiric Draining |     6 |    40 ||    46
       Freeze            |       |     2 ||     2
Invok: Renounce Religion |     1 |       ||     1
  Use: Potion            |       |     4 ||     4
       Scroll            |       |     6 ||     6
Armor: Robe              |     6 |    30 ||    36
Dodge: Dodged            |    12 |    57 ||    69
